 Dungeon Crawl Stone Soup version 0.17.1-3-g152610e (webtiles) character file.

443 Inkary the Shooter (level 6, -4/55 HPs)
             Began as a Troll Arcane Marksman on Apr 5, 2016.
             Killed from afar by an orc wizard (11 damage)
             ... with a magic dart
             ... on level 4 of the Dungeon.
             The game lasted 00:37:22 (3664 turns).

Inkary the Shooter (Troll Arcane Marksman)          Turns: 3664, Time: 00:37:22

Health: -4/55      AC:  6    Str: 20    XL:     6   Next: 71%
Magic:  6/6        EV: 10    Int:  9    God:
Gold:   174        SH:  0    Dex: 11    Spells: 1 memorised, 6 levels left

rFire  . . .     SeeInvis .     a - +0 shortbow
rCold  . . .     Clarity  .     b - +0 robe
rNeg   . . .     SustAt   .     (shield currently unavailable)
rPois  .         Gourm    +     (helmet restricted)
rElec  .         Spirit   .     p - +0 cloak
rCorr  .         Warding  .     (gloves unavailable)
rMut   .         Stasis   .     (boots unavailable)
MR     .....                    (no amulet)
Stlth  +.........               (no ring)
                                (no ring)

@: not resistant to hostile enchantments, very unstealthy
A: unfitting armour, claws 3, fast metabolism 3, gourmand, regeneration 2,
shaggy fur 1, tough skin 2
a: no special abilities


You were on level 4 of the Dungeon.
You were very full.

You visited 1 branch of the dungeon, and saw 4 of its levels.

You collected 174 gold pieces.

Inventory:

Hand Weapons
 a - a +0 shortbow (weapon)
Missiles
 A - 9 poisoned arrows (quivered)
Armour
 b - a +0 robe (worn)
 p - a +0 cloak (worn)
Wands
 y - a wand of lightning (1)
Scrolls
 g - 2 scrolls of enchant weapon
 i - 2 scrolls of teleportation
 k - 4 scrolls of remove curse {unknown}
 m - a scroll of random uselessness {unknown}
 o - a scroll of fear {unknown}
 s - a scroll of enchant armour {unknown}
 t - a scroll of fog {unknown}
 u - 3 scrolls of noise
 w - 2 scrolls of amnesia {unknown}
 z - a scroll of blinking {unknown}
Potions
 f - a potion of heal wounds {unknown}
 h - 2 potions of resistance {unknown}
 j - 2 potions of degeneration
 l - 2 potions of curing
 n - a potion of brilliance
 q - a potion of agility {unknown}
 x - a potion of haste {unknown}
 B - a potion of might {unknown}
 C - a potion of invisibility {unknown}
 F - a potion of poison {unknown}
Books
 c - a book of Debilitation

   Spells                             Type                      Level
   a - Corona                         Hexes                        1
   b - Slow                           Hexes                        2
   c - Gell's Gravitas                Hexes/Translocation          3
   d - Inner Flame                    Hexes/Fire                   3
   e - Cause Fear                     Hexes                        4
   f - Leda's Liquefaction            Hexes/Earth                  4
Comestibles
 d - a slice of pizza
 e - 3 bread rations
 r - 6 fruits
 v - 2 meat rations


   Skills:
 + Level 1.0 Fighting
 + Level 4.0 Bows
 + Level 3.1 Dodging
 - Level 0.2 Stealth
 + Level 1.2 Spellcasting
 + Level 2.4 Hexes


You had 6 spell levels left.
You knew the following spells:

 Your Spells              Type           Power        Failure   Level  Hunger
a - Corona                Hex            #......      14%         1    ##.....


Dungeon Overview and Level Annotations

Branches:
Dungeon (4/15)
 Temple: D:4-7

Altars:
Vehumet


Innate Abilities, Weirdness & Mutations

You are too large for most types of armour.
You have claws for hands.
Your metabolism is lightning-fast.
You like to eat raw meat.
You heal very quickly.
You are covered in fur (AC +1).
You have very tough skin (AC +2).


Message History

Something hits you. Something hits you.
The orc priest casts a cantrip, but nothing happens.
The orc wizard mumbles some strange words.
The orc wizard blinks!
Something hits you but does no damage. The worker ant barely misses you.
The orc barely misses you.
You feel yourself speed up. The orc wizard casts a spell at you.
The magic dart hits you!
* * * LOW HITPOINT WARNING * * *
Something hits you but does no damage. The worker ant completely misses you.
The orc hits you.
* * * LOW HITPOINT WARNING * * *
The orc wizard points at you and mumbles some strange words.
The magic dart hits you!
* * * LOW HITPOINT WARNING * * *
Something hits you but does no damage.
The orc wizard points at you and mumbles some strange words.
The magic dart hits you!
You die...

...#....#.##........#
.###................#
...#.##.#.##........#
.#.#.##.#....########
.#....#.#.........
...####.#.######## ...
......#.#.# ....#
........#.###############....#
#####.###.#..<..@.{..........#
..#............o.ao..........####
#.#.#.####........o...)..........
..#...# #.......................
##########......................(
..............................(..
###########.#######..............
......# #.# #..............
#####.#####.#######).............


You could see a worker ant, an orc priest, an orc wizard and an orc.

Vanquished Creatures
  The ghost of grippygecko the Shooter, an amateur HEHu (D:3)
  An ogre (D:3)
  An orc wizard (D:4)
  An orc priest (D:4)
  A worker ant (D:4)
  A centaur skeleton (D:4)
  Robin (D:3)
  7 adders
  3 oozes
  2 worms
  2 giant geckos
  7 orcs
  4 ball pythons
  8 bats
  2 giant cockroaches
  10 goblins
  9 hobgoblins
  4 jackals (D:3)
  13 kobolds
  A quokka (D:2)
  A giant gecko skeleton (D:4)
  4 giant newts
  A quokka skeleton (D:4)
  4 rats
89 creatures vanquished.

Notes
Turn   | Place    | Note
--------------------------------------------------------------
     0 | D:1      | Inkary the Troll Arcane Marksman began the quest for the Orb.
     0 | D:1      | Reached XP level 1. HP: 18/18 MP: 1/1
   213 | D:1      | Reached XP level 2. HP: 26/26 MP: 2/2
   919 | D:2      | Reached XP level 3. HP: 32/32 MP: 3/3
  1762 | D:2      | Reached XP level 4. HP: 40/40 MP: 4/4
  1956 | D:3      | Noticed grippygecko's ghost (amateur HEHu)
  1972 | D:3      | Killed grippygecko's ghost
  1972 | D:3      | Reached skill level 3 in Bows
  1972 | D:3      | Reached XP level 5. HP: 23/46 MP: 5/5
  2015 | D:3      | Found a radiant altar of Vehumet.
  2281 | D:3      | Noticed Robin
  2296 | D:3      | Killed Robin
  2464 | D:3      | Noticed an ogre
  2475 | D:3      | Killed an ogre
  2475 | D:3      | Reached XP level 6. HP: 45/54 MP: 4/6
  3230 | D:4      | Reached skill level 4 in Bows
  3334 | D:4      | Reached skill level 1 in Fighting
  3664 | D:4      | Killed from afar by an orc wizard

Action                   |  1- 3 |  4- 6 || total
-------------------------+-------+-------++-------
Melee: Unarmed           |       |    15 ||    15
       Shortbow          |       |     2 ||     2
 Fire: Shortbow          |   139 |   183 ||   322
 Cast: Corona            |     1 |     4 ||     5
Evoke: Wand              |       |     1 ||     1
  Use: Scroll            |     5 |     2 ||     7
       Potion            |     1 |       ||     1
  Eat: Chunk             |    14 |    19 ||    33
       Bread ration      |     1 |       ||     1
